 Dungeon Sprint DCSS version 0.23.0-3-gf3c87f2 (webtiles) character file.

Game seed: 10381108339565499824

3269 nuthulu the Brawler (level 11, -4/119 HPs)
             Began as a Troll Monk on Feb 21, 2019.
             Was the Champion of Yredelemnul.
             Slain by Polyphemus (34 damage)
             ... in the Dungeon (Sprint VI: "Thunderdome").
             The game lasted 00:11:28 (1596 turns).

nuthulu the Brawler (Troll Monk)                    Turns: 1596, Time: 00:11:29

Health: -4/119     AC: 17    Str: 37    XL:     11   Next: 31%
Magic:  25/25      EV: 14    Int: 10    God:    Yredelemnul [******]
Gold:   877        SH: 10    Dex: 16    Spells: 10/10 levels left

rFire    + + +     SeeInvis .     - Unarmed
rCold    . . .     Gourm    +   u - +1 shield of Rotation {-Tele rN+ MP+9 Stlth+}
rNeg     + + .     Faith    .   g - +3 animal skin of Ecwokius {rPois rF+} (curse)
rPois    +         Spirit   .   r - +5 hat of the Villain {*Drain rF+ Str+5}
rElec    .         Reflect  .   t - +2 cloak "Jeitauf" {rPois Dex+4 Stlth-}
rCorr    .         Harm     .   (gloves unavailable)
MR       +....     NoTele   +   (boots unavailable)
Stlth    ++........             o - amulet "Xarchuus" {Acrobat +Blink rF+ rN+}
HPRegen  0.69/turn              m - ring of Buetumis {rF++ MR+ Int+4}
MPRegen  0.19/turn              n - ring "Worilew" {rF+ Str+8 Stlth-}

@: hasted, very quick
A: large, unfitting armour, claws 3, fast metabolism 3, gourmand, regeneration
1, shaggy fur 1, tough skin 3
}: 1/15 runes: decaying
a: Recall Undead Slaves, Injury Mirror, Animate Dead, Drain Life, Enslave Soul,
Renounce Religion, Evoke Blink


You were in the Dungeon.
You worshipped Yredelemnul.
Yredelemnul was exalted by your worship.
You were not hungry.

You visited 1 branch You collected 2350 gold pieces.
You spent 1473 gold pieces at shops.

Inventory:

Armour
 a - a +0 robe
 b - a +0 cloak
 g - the cursed +3 animal skin of Ecwokius (worn) {rPois rF+}
   (You bought it in a shop in the Dungeon)

   It protects you from fire.
   It protects you from poison.
   It has a curse placed upon it.
 r - the +5 hat of the Villain (worn) {*Drain rF+ Str+5}
   (You bought it in a shop in the Dungeon)

   It affects your strength (+5).
   It protects you from fire.
   It causes draining when unequipped.
 t - the +2 cloak "Jeitauf" (worn) {rPois Dex+4 Stlth-}
   (You bought it in a shop in the Dungeon)

   It affects your dexterity (+4).
   It protects you from poison.
   It makes you less stealthy.
 u - the +1 shield of Rotation (worn) {-Tele rN+ MP+9 Stlth+}
   (You bought it in a shop in the Dungeon)

   It protects you from negative energy.
   It affects your magic capacity (+9).
   It prevents most forms of teleportation.
   It makes you more stealthy.
Jewellery
 m - the ring of Buetumis (left claw) {rF++ MR+ Int+4}
   (You bought it in a shop in the Dungeon)

   [ring of intelligence]

   It affects your intelligence (+4).
   It greatly protects you from fire.
   It affects your resistance to hostile enchantments.
 n - the ring "Worilew" (right claw) {rF+ Str+8 Stlth-}
   (You bought it in a shop in the Dungeon)

   [ring of protection from fire]

   It affects your strength (+8).
   It protects you from fire.
   It makes you less stealthy.
 o - the amulet "Xarchuus" (around neck) {Acrobat +Blink rF+ rN+}
   (You bought it in a shop in the Dungeon)

   [amulet of the acrobat]

   It helps you evade while moving and waiting.
   It protects you from fire.
   It protects you from negative energy.
   It lets you blink.
 q - the ring "Vicvoag" {rC+ MP+9, unknown}
   (You found it in the Dungeon)

   [ring of magical power]

   It protects you from cold.
   It affects your magic capacity (+9).
Wands
 i - a wand of acid (5)
 j - a wand of iceblast (5)
 p - a wand of polymorph (7)
Scrolls
 h - 4 scrolls of blinking
 k - 3 scrolls of fog
Potions
 c - a potion of curing
 d - a potion of heal wounds
 e - 2 potions of haste
 f - 2 potions of magic
 l - a potion of resistance
Comestibles
 s - 3 rations


   Skills:
 - Level 10.8 Fighting
 - Level 10.8 Dodging
 - Level 4.8 Stealth
 * Level 0.0 Shields
 - Level 16.4 Unarmed Combat
 - Level 8.6 Invocations


You had 10 spell levels left.
You didn't know any spells.
Your spell library was empty.

Dungeon Overview and Level Annotations

Branches:
Dungeon (1/1)

Altars:
Cheibriados
Dithmenos
Fedhas
Gozag
Kikubaaqudgha
Makhleb
Okawaru
Qazlal
Ru
Sif Muna
Trog
Uskayaw
Vehumet
Wu Jian
Xom
Yredelemnul
Zin
The Shining One
Beogh
Jiyva
Lugonu

Shops:
D *[%??*?*:[((!!!!

Annotations:
D Polyphemus


Innate Abilities, Weirdness & Mutations

You are too large for most types of armour.
You have claws for hands.
Your metabolism is lightning-fast.
You like to eat raw meat.
Your natural rate of healing is unusually fast.
You are covered in fur. (AC +1)
You have extremely tough skin. (AC +3)


Message History

* * * LOW HITPOINT WARNING * * *
You block Polyphemus's attack.
Unknown command.
You eviscerate Polyphemus!!!
Polyphemus is heavily wounded.
The wind drake flaps its wings at you. The air twists around and strikes you!
Unknown command.
You claw Polyphemus!
Polyphemus is severely wounded.
You block Polyphemus's attack. Polyphemus barely misses you.
Unknown command.
You feel much better.
Unknown command.
You claw Polyphemus!
Polyphemus is severely wounded.
Polyphemus shouts loudly for his pets to attack!
Polyphemus hits you!!
You die...
Your body rises from the dead as a mindless zombie.

##### ##⌠⌠⌠## #.....#
##.....## ##∩.....∩##
#∩.......∩# #.C......_#
#_@.......# #_[....k._#
###.........###
#((((........⌠#
######(8(........8.######
##∩___(((..(###......___∩##
###∩......()8.# #.8........∩#
##(.(..(.(.....###.[)...).....
#⌠.(..(((.((###...###.........


You could see Polyphemus and a wind drake.

Vanquished Creatures
  Erolcha (D)
  An ogre mage (D)
  2 two-headed ogres (D)
  A death yak (D)
  A queen bee (D)
  2 blink frogs (D)
  An air elemental (D)
  Sigmund (D)
  An insubstantial wisp (D)
  2 porcupines (D)
  3 sky beasts (D)
  3 ogres (D)
  8 centaurs (D)
  A crocodile (D)
  A bullfrog (D)
  A gnoll sergeant (D)
  A scorpion (D)
  4 killer bees (D)
  A gnoll shaman (D)
  Jessica (D)
  A lightning spire (D)
  2 gnolls (D)
  An adder (D)
  A goblin (D)
42 creatures vanquished.

Vanquished Creatures (collateral kills)
  Nessos (D)
  A spiny frog (D)
  A queen bee (D)
  A blink frog (D)
  An air elemental (D)
  A porcupine (D)
  A sky beast (D)
  A centaur (D)
  A bullfrog (D)
  A gnoll sergeant (D)
  A killer bee (D)
  A hell rat (D)
  A river rat (D)
13 creatures vanquished.

Vanquished Creatures (others)
  A wizard (D)
  A flying skull (D)
  2 vampires (D)
  A bullfrog zombie (D)
  A centaur zombie (D)
  A porcupine zombie (D)
  A crocodile zombie (D)
  An ogre zombie (D)
  A sky beast zombie (D)
  A goblin zombie (D)
11 creatures vanquished.

Grand Total: 66 creatures vanquished

Notes
Turn   | Place    | Note
-------+----------+-------------------------------------------
     0 | D        | nuthulu the Troll Monk began the quest for the Orb.
     0 | D        | Reached XP level 1. HP: 22/22 MP: 0/0
     2 | D        | Found a glowing golden altar of the Shining One.
     2 | D        | Found a roughly hewn altar of Beogh.
     3 | D        | Found a corrupted altar of Lugonu.
     3 | D        | Found an opulent altar of Gozag.
     4 | D        | Found an ornate altar of the Wu Jian Council.
     4 | D        | Found a deep blue altar of Sif Muna.
     5 | D        | Found Saicud's Identification Station.
     5 | D        | Found a shimmering altar of Xom.
     5 | D        | Found a basalt altar of Yredelemnul.
     5 | D        | Found Archagam's Delicious Food.
     5 | D        | Round 1.
     6 | D        | Found Ugris's Advanced Armour.
     6 | D        | Found Fuakebew's Jewellery.
    11 | D        | Found an ancient bone altar of Kikubaaqudgha.
    14 | D        | Bought a fine granite ring for 45 gold pieces
    14 | D        | Bought a crude golden ring for 45 gold pieces
    14 | D        | Bought a scorched crystal amulet for 45 gold pieces
    14 | D        | Identified the ring of Buetumis {rF++ MR+ Int+4} (You
                  | bought it in a shop in the Dungeon)
    15 | D        | Identified the ring "Worilew" {rF+ Str+8 Stlth-} (You
                  | bought it in a shop in the Dungeon)
    16 | D        | Identified the amulet "Xarchuus" {Acrobat +Blink rF+ rN+}
                  | (You bought it in a shop in the Dungeon)
    21 | D        | Became a worshipper of Yredelemnul the Dark
    21 | D        | Reached * piety under Yredelemnul
    21 | D        | Reached ** piety under Yredelemnul
    29 | D        | Reached XP level 2. HP: 30/31 MP: 1/1
    31 | D        | Found an iron altar of Okawaru.
    33 | D        | Found Fihus's Magic Scroll Shop.
    34 | D        | Found a radiant altar of Vehumet.
    34 | D        | Found a glowing silver altar of Zin.
    34 | D        | Found Lesite's Staff Store.
    34 | D        | Found Suran's Magic Scroll Shop.
    34 | D        | Found Buphoseg's Must-Have Magic.
    38 | D        | Found a blossoming altar of Fedhas.
    39 | D        | Found a snail-covered altar of Cheibriados.
    40 | D        | Found a shadowy altar of Dithmenos.
    41 | D        | Found Goxeam's Distillery.
    41 | D        | Found a burning altar of Makhleb.
    41 | D        | Found a sacrificial altar of Ru.
    41 | D        | Found Huumoceacyx's Do-It-Yourself Clinic.
    42 | D        | Found Xesig's Distillery.
    42 | D        | Found Ogistom's Bottled Wisdom.
    45 | D        | Found a bloodstained altar of Trog.
    46 | D        | Found a stormy altar of Qazlal.
    47 | D        | Found a viscous altar of Jiyva.
    48 | D        | Found Ziulum's Weapon Rack.
    49 | D        | Found a hide-covered altar of Uskayaw.
    49 | D        | Found Mikemmec's Premium Goods.
    49 | D        | Found Jayl's Basic Armour.
    49 | D        | Found Qonoa's Miscellaneous Merchandise.
    62 | D        | Noticed a scorpion
    73 | D        | Killed a scorpion
    73 | D        | Reached skill level 5 in Unarmed Combat
    73 | D        | Reached XP level 3. HP: 31/39 MP: 2/2
   150 | D        | Noticed Jessica
   158 | D        | Killed Jessica
   158 | D        | Reached *** piety under Yredelemnul
   158 | D        | Reached XP level 4. HP: 46/49 MP: 0/3
   163 | D        | Noticed Sigmund
   180 | D        | Killed Sigmund
   180 | D        | Arena points: 12 (+12) [x2]
   180 | D        | Reached skill level 5 in Fighting
   180 | D        | Reached skill level 5 in Dodging
   180 | D        | Reached skill level 8 in Unarmed Combat
   180 | D        | Reached XP level 5. HP: 57/57 MP: 2/4
   180 | D        | Received a gift from Yredelemnul (2 flying skulls)
   214 | D        | Round 2.
   233 | D        | Reached XP level 6. HP: 45/67 MP: 5/5
   244 | D        | Reached **** piety under Yredelemnul
   257 | D        | Reached skill level 9 in Unarmed Combat
   268 | D        | Arena points: 48 (+36) [x3]
   283 | D        | Round 3.
   288 | D        | Noticed a blink frog
   288 | D        | Noticed a spiny frog
   288 | D        | Noticed a blink frog
   292 | D        | Received a gift from Yredelemnul (2 flying skulls)
   296 | D        | Noticed a blink frog
   297 | D        | Killed a spiny frog
   297 | D        | Reached skill level 10 in Unarmed Combat
   297 | D        | Reached XP level 7. HP: 54/76 MP: 4/6
   299 | D        | Killed a blink frog
   299 | D        | Received a gift from Yredelemnul (4 flying skulls)
   300 | D        | Reached skill level 11 in Unarmed Combat
   305 | D        | Killed a blink frog
   305 | D        | Received a gift from Yredelemnul (a wight)
   305 | D        | Received a gift from Yredelemnul (a mummy)
   310 | D        | Killed a blink frog
   310 | D        | Arena points: 132 (+84) [x4]
   310 | D        | Reached XP level 8. HP: 39/87 MP: 5/7
   325 | D        | Bought a jewelled animal skin for 185 gold pieces
   335 | D        | Identified the cursed +3 animal skin of Ecwokius {rPois
                  | rF+} (You bought it in a shop in the Dungeon)
   368 | D        | Round 4.
   400 | D        | Reached skill level 1 in Invocations
   403 | D        | Reached ***** piety under Yredelemnul
   426 | D        | Reached skill level 12 in Unarmed Combat
   462 | D        | Received a gift from Yredelemnul (2 flying skulls)
   482 | D        | Noticed a death yak
   493 | D        | Killed a death yak
   493 | D        | Arena points: 292 (+160) [x5]
   493 | D        | Reached XP level 9. HP: 82/97 MP: 6/10
   525 | D        | Round 5.
   540 | D        | Noticed a witch
   569 | D        | Killed a witch
   569 | D        | Arena points: 572 (+280) [x7]
   569 | D        | Reached skill level 13 in Unarmed Combat
   572 | D        | Got a heavily runed bone ring
   572 | D        | Got a decaying rune of Zot
   573 | D        | Reached skill level 5 in Invocations
   573 | D        | Reached XP level 10. HP: 102/107 MP: 10/13
   584 | D        | Bought a +0 cloak for 54 gold pieces
   604 | D        | Bought a dazzling hat for 315 gold pieces
   609 | D        | Identified the +5 hat of the Villain {*Drain rF+ Str+5}
                  | (You bought it in a shop in the Dungeon)
   784 | D        | Round 6.
   795 | D        | Received a gift from Yredelemnul (a vampire)
   877 | D        | Reached skill level 14 in Unarmed Combat
   883 | D        | Received a gift from Yredelemnul (a wight)
   883 | D        | Received a gift from Yredelemnul (a vampire)
   883 | D        | Received a gift from Yredelemnul (a vampire)
   907 | D        | Arena points: 956 (+384) [x8]
   943 | D        | Bought 2 rations for 40 gold pieces
   943 | D        | Bought 2 rations for 40 gold pieces
   943 | D        | Bought 2 rations for 40 gold pieces
   983 | D        | Round 7.
  1042 | D        | Received a gift from Yredelemnul (a wraith)
  1042 | D        | Noticed Erolcha
  1045 | D        | Noticed a two-headed ogre
  1049 | D        | Killed Erolcha
  1055 | D        | Killed a two-headed ogre
  1055 | D        | Reached skill level 10 in Dodging
  1055 | D        | Reached skill level 15 in Unarmed Combat
  1055 | D        | Received a gift from Yredelemnul (a wraith)
  1060 | D        | Reached ****** piety under Yredelemnul
  1060 | D        | Reached skill level 10 in Fighting
  1106 | D        | Noticed a two-headed ogre
  1112 | D        | Killed a two-headed ogre
  1117 | D        | Noticed an ogre mage
  1123 | D        | Killed an ogre mage
  1123 | D        | Arena points: 1460 (+504) [x9]
  1123 | D        | Reached XP level 11. HP: 112/118 MP: 15/15
  1123 | D        | Received a gift from Yredelemnul (a vampire)
  1167 | D        | Bought an ichor-stained cloak for 332 gold pieces
  1177 | D        | Identified the +2 cloak "Jeitauf" {rPois Dex+4 Stlth-} (You
                  | bought it in a shop in the Dungeon)
  1186 | D        | Round 8.
  1240 | D        | Received a gift from Yredelemnul (a phantasmal warrior)
  1312 | D        | Received a gift from Yredelemnul (a ghoul)
  1312 | D        | Received a gift from Yredelemnul (a ghoul)
  1312 | D        | Received a gift from Yredelemnul (a phantasmal warrior)
  1322 | D        | Arena points: 2180 (+720) [x10]
  1323 | D        | Received a gift from Yredelemnul (a vampire)
  1376 | D        | Round 9.
  1401 | D        | Reached skill level 16 in Unarmed Combat
  1402 | D        | Received a gift from Yredelemnul (a bone dragon)
  1415 | D        | Received a gift from Yredelemnul (a vampire)
  1481 | D        | Noticed Nessos
  1487 | D        | Received a gift from Yredelemnul (a skeletal warrior)
  1497 | D        | Killed Nessos
  1498 | D        | Received a gift from Yredelemnul (a flayed ghost)
  1498 | D        | Received a gift from Yredelemnul (a vampire knight)
  1498 | D        | Received a gift from Yredelemnul (a bone dragon)
  1502 | D        | Arena points: 3269 (+1089) [x11]
  1512 | D        | Bought a shimmering shield for 332 gold pieces
  1517 | D        | Identified the +1 shield of Rotation {-Tele rN+ MP+9
                  | Stlth+} (You bought it in a shop in the Dungeon)
  1570 | D        | Round 10.
  1573 | D        | Noticed Polyphemus
  1592 | D        | HP: 5/119 [Polyphemus (28)]
  1596 | D        | Slain by Polyphemus

Skill      XL: |  1  2  3  4  5  6  7  8  9 10 11 |
---------------+----------------------------------+-----
Fighting       | 3 4 5 6 7 8 9 10 | 10.8
Dodging        | 3 4 5 6 7 8 9 10 | 10.8
Unarmed Combat | 5 8 10 11 12 13 15 16 | 16.4
Stealth        | 3 4 |  4.8
Invocations    | 3 5 7 8 |  8.6

Action                   |  1- 3 |  4- 6 |  7- 9 | 10-12 || total
-------------------------+-------+-------+-------+-------++-------
Melee: Unarmed           |    16 |    27 |    31 |    66 ||   140
       Punch             |       |     2 |     5 |     6 ||    13
Invok: Animate Remains   |     1 |       |       |       ||     1
       Animate Dead      |       |     3 |     4 |     8 ||    15
       Recall Undead Sla |       |       |     1 |       ||     1
  Use: Potion            |     1 |     1 |     2 |     3 ||     7
 Stab: Distracted        |     1 |     1 |     1 |       ||     3
  Eat: Ration            |       |     1 |     1 |     3 ||     5
Armor: Robe              |     2 |     1 |       |       ||     3
       Animal skin       |       |       |     7 |    21 ||    28
Dodge: Dodged            |     7 |    17 |    16 |    95 ||   135
Block: Shield            |       |       |       |    13 ||    13
